 Dungeon Crawl Stone Soup version 0.28.0 (webtiles) character file.

Game seed: 1170607705123121630

254410 inmateoo the Executioner (level 19, -11/163 (170) HPs)
             Began as a Minotaur Fighter on Feb 18, 2022.
             Was the Champion of Qazlal.
             Killed by a resonance strike
             ... invoked by a ragged hierophant
              (35 damage)
             ... in the Desolation of Salt.
             The game lasted 00:39:41 (30834 turns).

inmateoo the Executioner (Minotaur Fighter)        Turns: 30834, Time: 00:39:42

HP:   -11/163 (170) AC: 46    Str: 26    XL:     19   Next: 2%
MP:   30/30         EV: 12    Int: 11    God:    Qazlal [******]
Gold: 562           SH: 29    Dex: 11    Spells: 18/18 levels left

rFire   + + .      SeeInvis .   E - +2 war axe (elec)
rCold   + + +      Faith    .   C - +2 tower shield {reflect}
rNeg    + . .      Spirit   .   A - +8 orange crystal plate armour {Archmagi, Int+3 Clar}
rPois   +          Reflect  +   U - +2 hat
rElec   +          Harm     .   u - +1 cloak {rPois}
rCorr   +          Rampage  +   l - +2 pair of gloves of Moral Flaws {Rampage Will+ Regen+ Int+3}
Will    +++..      Archmagi +   Y - +2 pair of boots
Stlth   .......... Clarity  +   a - amulet "Eloynn" {-Tele rElec rN+ Regen+ rCorr}
HPRegen 1.97/turn  NoTele   +   b - ring "Iwkio" {rF+ rC+ EV+4 Slay+3}
MPRegen 0.22/turn               I - ring "Apyikom" {rF+ rC++ Will+}

@: protected from physical damage, hasted, studying Shields, lightly drained,
invisible, repel missiles, very quick
A: horns 2, retaliatory headbutt, clumsy 1
}: 2/15 runes: decaying, gossamer
a: Renounce Religion, Upheaval, Elemental Force, Disaster Area


You were in the Desolation of Salt.
You worshipped Qazlal.
Qazlal was exalted by your worship.
You visited 6 branches of the dungeon, and saw 34 of its levels.
You also visited: Trove, Gauntlet, Ice Cave and Desolation.

You collected 2951 gold pieces.
You spent 2389 gold pieces at shops.

Inventory:

Hand Weapons
 o - the +9 whip "Ikkuehyu" {freeze, Fly rElec Int+2}
   (You found it on level 3 of the Dungeon)

   It freezes those it strikes, dealing additional cold damage.
   It can also slow down cold-blooded creatures.
   Int:       It affects your intelligence (+2).
   rElec:     It insulates you from electricity.
   Fly:       It grants you flight.
 E - a +2 war axe of electrocution (weapon)
 F - a +4 broad axe of holy wrath
Missiles
 s - a throwing net (quivered)
Armour
 l - the +2 pair of gloves of Moral Flaws (worn) {Rampage Will+ Regen+ Int+3}
   (You found it on level 2 of the Dungeon)

   Int:       It affects your intelligence (+3).
   Regen:     It increases your rate of health regeneration.
   Rampage:   It bestows one free step when moving towards enemies.
   Will:      It increases your willpower.
 u - a +1 cloak of poison resistance (worn)
 A - the +8 orange crystal plate armour (worn) {Archmagi, Int+3 Clar}
   (You bought it in a shop on level 2 of the Orcish Mines)

   Int:       It affects your intelligence (+3).
   Clar:      It protects you against confusion.
 C - a +2 tower shield of reflection (worn)
 U - a +2 hat (worn)
 Y - a +2 pair of boots (worn)
Jewellery
 a - the amulet "Eloynn" (around neck) {-Tele rElec rN+ Regen+ rCorr}
   (You found it in a treasure trove)

   [amulet of regeneration]

   rElec:     It insulates you from electricity.
   rN:        It protects you from negative energy.
   -Tele:     It prevents most forms of teleportation.
   Regen:     It increases your rate of health regeneration.
   rCorr:     It protects you from acid and corrosion.
 b - the ring "Iwkio" (left hand) {rF+ rC+ EV+4 Slay+3}
   (You found it in a treasure trove)

   [ring of evasion]

   EV:        It affects your evasion (+4).
   Slay:      It affects your accuracy & damage with ranged weapons and melee
   (+3).
   rF:        It protects you from fire.
   rC:        It protects you from cold.
 y - a ring of see invisible
 I - the ring "Apyikom" (right hand) {rF+ rC++ Will+}
   (You found it in a treasure trove)

   [ring of protection from fire]

   rF:        It protects you from fire.
   rC:        It greatly protects you from cold.
   Will:      It increases your willpower.
 N - the ring of Kuguhobross {rPois rF++ Int-5}
   (You found it in a treasure trove)

   [ring of poison resistance]

   Int:       It affects your intelligence (-5).
   rF:        It greatly protects you from fire.
   rPois:     It protects you from poison.
Wands
 f - a wand of acid (25)
 j - a wand of flame (52)
 v - a wand of digging (13)
 x - a wand of paralysis (37)
 J - a wand of polymorph (13)
 K - a wand of mindburst (57)
 T - a wand of iceblast (10)
Scrolls
 c - 2 scrolls of silence
 e - 18 scrolls of teleportation
 k - 11 scrolls of blinking
 m - 4 scrolls of fog
 q - 2 scrolls of holy word
 r - 3 scrolls of fear
 w - 4 scrolls of immolation
 B - a scroll of acquirement
 O - 2 scrolls of magic mapping
 R - a scroll of summoning
 S - 15 scrolls of identify
 V - 2 scrolls of amnesia
Potions
 d - 3 potions of might
 g - 5 potions of haste
 h - 11 potions of heal wounds
 i - 11 potions of mutation
 n - 18 potions of ambrosia
 p - 12 potions of curing
 t - 5 potions of lignification
 z - 4 potions of magic
 D - 2 potions of berserk rage
 L - a potion of invisibility
 M - a potion of cancellation
Miscellaneous
 P - a condenser vane
 Q - a phantom mirror


   Skills:
 + Level 15.5 Fighting
 * Level 21.2 Axes
 + Level 15.4 Armour
 + Level 13.9 Dodging
 + Level 16.6 Shields
 * Level 17.8 Invocations


You had 18 spell levels left.
You didn't know any spells.
Your spell library contained the following spells:

 Spells                   Type           Power      Damage    Failure   Level
 Animate Skeleton         Necr           0%         N/A       100%        1
 Apportation              Tloc           0%         N/A       100%        1
 Beastly Appendage        Tmut           0%         N/A       100%        1
 Foxfire                  Conj/Fire      0%         2x1d4     100%        1
 Magic Dart               Conj           0%         1d3       100%        1
 Pain                     Necr           0%         1d4       100%        1
 Sting                    Tmut/Pois      0%         1d3       100%        1
 Call Imp                 Summ           0%         N/A       100%        2
 Static Discharge         Conj/Air       0%         N/A       100%        2
 Sublimation of Blood     Necr           0%         N/A       100%        2
 Wereblood                Tmut           0%         N/A       100%        2
 Conjure Flame            Conj/Fire      0%         6-21      100%        3
 Dazzling Flash           Conj/Hex       0%         N/A       100%        3
 Inner Flame              Hex/Fire       0%         N/A       100%        3
 Mephitic Cloud           Conj/Pois/Air  0%         N/A       100%        3
 Spider Form              Tmut/Pois      0%         N/A       100%        3
 Tukima's Dance           Hex            0%         N/A       100%        3
 Vampiric Draining        Necr           0%         2d6       100%        3
 Anguish                  Hex/Necr       0%         N/A       100%        4
 Cause Fear               Hex            0%         N/A       100%        4
 Dispel Undead            Necr           0%         3d6       100%        4
 Flame Wave               Conj/Fire      0%         2d4       100%        4
 Iskenderun's Mystic Bla  Conj/Tloc      0%         2d3       100%        4
 Leda's Liquefaction      Hex/Erth       0%         N/A       100%        4
 Petrify                  Tmut/Erth      0%         N/A       100%        4
 Sticky Flame             Conj/Fire      0%         2d3       100%        4
 Alistair's Intoxication  Tmut/Pois      0%         N/A       100%        5
 Irradiate                Conj/Tmut      0%         3d13      100%        5
 Lee's Rapid Deconstruct  Erth           0%         3d5*      100%        5
 Summon Forest            Summ/Tloc      0%         N/A       100%        5
 Summon Mana Viper        Hex/Summ       0%         N/A       100%        5
 Eringya's Noxious Bog    Tmut/Pois      0%         N/A       100%        6
 Starburst                Conj/Fire      0%         6d3       100%        6
 Statue Form              Tmut/Erth      0%         N/A       100%        6
 Summon Cactus Giant      Summ           0%         N/A       100%        6
 Dragon Form              Tmut           0%         N/A       100%        7
 Enfeeble                 Hex            0%         N/A       100%        7
 Summon Hydra             Summ           0%         N/A       100%        7
 Dragon's Call            Summ           0%         N/A       100%        9


Dungeon Overview and Level Annotations

Branches:
Dungeon (15/15)            Temple (0/1) D:7            Lair (6/6) D:11
  Swamp (4/4) Lair:2       Spider (4/4) Lair:4        Slime (0/5) Lair:5
    Orc (2/2) D:11            Elf (0/3) Orc:2        Vaults (2/5) D:13
 Depths (0/4) D:15          IceCv (visited)         Desolation (1/1)
Gauntlet (visited)
  Crypt: Vaults:2-3

Altars:
Fedhas
Gozag
Hepliaklqana
Qazlal
Trog
Wu Jian
Xom
Yredelemnul
Beogh
Jiyva

Shops:
D:12 [   D:13 !   Orc:2 [***   Vaults:1 :


Innate Abilities, Weirdness & Mutations

You have a pair of horns on your head.
You reflexively headbutt those who attack you in melee.
You are clumsy. (Dex -2)


Message History

You headbutt the saltling, but do no damage.
The saltling barely misses you. You furiously retaliate!
You headbutt the saltling!
You destroy the saltling!
Qazlal accepts your kill.
The saltling hits you but does no damage.
The saltling hits you!
You are too injured to fight recklessly!
Okay, then.
You fade into invisibility!
The guardian serpent hits you but does no damage.
You block the peacekeeper's attack. x2; You block the saltling's attack.
The saltling hits you but does no damage.
The servant of whispers hits you but does no damage.
You block the saltling's attack.
A saltling comes into view. x2
The saltling hits you!!
You block the guardian serpent's attack.
The peacekeeper bites you. The peacekeeper barely misses you.
The saltling hits you but does no damage.
You block the saltling's attack. The saltling barely misses you.
The saltling closely misses you.
You feel yourself speed up. You block the saltling's attack.
The servant of whispers hits you but does no damage.
The peacekeeper roars a battlecry!
You block the guardian serpent's attack.
The saltling hits you!
* * * LOW HITPOINT WARNING * * *
The halazid warlock points at you and mumbles some strange words.
The bolt of negative energy hits the crystal guardian.
The crystal guardian completely resists.
The bolt of negative energy hits the saltling.
The saltling completely resists.
The bolt of negative energy hits you!! You partially resist.
You feel drained.
* * * LOW HITPOINT WARNING * * *
The bolt of negative energy hits the saltling.
The saltling completely resists.
The ragged hierophant casts a spell at you.
A blast of power from the earth and the adjacent constructs strikes you!
You die...

....a9
.............. .
............. ..
............
...#..............
..................
......99a.........
.9...aS99.........
...L.99@9.........
..#...999.........
.....99S..........
...9....∩.∩.......
...a..............
..................
..9#a.............
...#..............
...............


You could see 2 ragged hierophants, 2 servants of whispers, a halazid warlock, a
crystal guardian (strong, sheltered), a peacekeeper, 2 guardian serpents and 13
saltlings.

Vanquished Creatures
  Mara (Spider:3)
  Mlioglotl (Swamp:2)
  A tentacled monstrosity (Swamp:4)
  A sphinx (Vaults:1)
  Donald (Swamp:2)
  4 fenstrider witches
  A fire giant (Vaults:1)
  4 emperor scorpions
  An orc warlord (Vaults:1)
  7 ghost moths
  3 vault wardens (Vaults:1)
  2 ironbound preservers
  5 very ugly things
  A quicksilver ooze (Gauntlet)
  4 broodmothers
  An ironbound thunderhulk (Vaults:1)
  13 dire elephants
  3 eleionomae
  A minotaur (Gauntlet)
  2 entropy weavers
  5 bunyips
  3 spark wasps
  Snorg (Orc:2)
  2 green deaths (Swamp:4)
  2 ragged hierophants
  Josephine (D:15)
  A rakshasa (D:13)
  A yaktaur captain (Vaults:2)
  A great orb of eyes (Gauntlet)
  A ghost crab (Swamp:4)
  16 hydras
  9 boulder beetles
  Erolcha (D:10)
  3 jorogumos
  An ogre mage (Swamp:4)
  14 centaur warriors
  A radroach (Lair:4)
  2 spriggan air magi
  Erica (D:8)
  3 two-headed ogres
  A death knight (D:13)
  6 alligators
  3 death yaks (D:10)
  An ironbound frostheart (Vaults:1)
  5 tengu warriors
  Urug (D:13)
  8 orc high priests
  A spriggan berserker (Swamp:4)
  A soul eater (Swamp:4)
  A skeletal warrior (D:13)
  2 spectral death yaks (Lair:6)
  5 pharaoh ants
  A sixfirhy (Swamp:4)
  2 sun moths
  3 goliath frogs
  A spectral anaconda (Lair:6)
  A death drake (Swamp:4)
  3 spriggan druids (Swamp:4)
  A steelbarb worm (Spider:3)
  11 orb spiders
  A deep elf archer (D:12)
  3 lindwurms (Vaults:1)
  4 deep trolls (Vaults:1)
  2 obsidian statues
  5 ironbound convokers
  3 bog bodies
  3 deep elf zephyrmancers (Swamp:4)
  3 necromancers (Lair:6)
  6 swamp dragons
  17 wolf spiders
  6 deep elf pyromancers
  An oklob plant (Gauntlet)
  2 spriggan simulacra (IceCv)
  7 orc knights (Vaults:1)
  An orc sorcerer (Swamp:4)
  6 ugly things
  8 cyclopes
  A salamander (D:15)
  3 will-o-the-wisps
  11 elephants
  4 manticores (D:12)
  4 vault sentinels
  2 moths of wrath
  2 torpor snails (Lair:4)
  4 black mambas
  A cane toad (shapeshifter) (Gauntlet)
  10 cane toads
  An unseen horror (D:11)
  3 gargoyles
  An orange demon (Swamp:4)
  2 efreet (D:15)
  2 kobold demonologists
  12 yaktaurs
  An entropy weaver simulacrum (IceCv)
  A hellwing (Swamp:4)
  8 rime drakes
  10 komodo dragons
  5 tengu conjurers
  2 ice devils (IceCv)
  6 freezing wraiths (IceCv)
  A queen bee (D:9)
  6 demonic crawlers
  8 trolls
  A troll (shapeshifter) (D:15)
  18 meliai
  11 hornets
  8 blink frogs
  Grinder (D:6)
  11 saltlings
  2 polar bears (D:13)
  6 tyrant leeches
  14 slime creatures
  A meliai zombie (D:10)
  33 tarantellas
  A spectral elephant (Lair:6)
  35 jumping spiders
  22 culicivoras
  A centaur simulacrum (D:14)
  A vampire (D:10)
  4 spriggans
  10 wyverns
  5 wraiths
  A shadow (D:11)
  47 yaks
  A human (D:3)
  9 basilisks
  2 neqoxecs (Swamp:4)
  3 steam dragons
  42 redbacks
  3 minotaur simulacra (IceCv)
  A spectral cane toad (Lair:6)
  19 vampire mosquitoes
  A chaos spawn (Swamp:4)
  3 death yak simulacra (Lair:6)
  A harpy simulacrum (IceCv)
  11 wargs
  13 swamp worms
  3 acid dragons
  A hell hound (Lair:5)
  15 water moccasins
  A sky beast (shapeshifter) (Gauntlet)
  A hornet zombie (D:7)
  4 swamp drakes (Swamp:4)
  2 ice beasts
  2 sky beasts
  A black bear (shapeshifter) (D:13)
  A black bear (D:5)
  3 elephant zombies (Lair:6)
  2 alligator simulacra (IceCv)
  30 orc warriors
  An ettin simulacrum (IceCv)
  11 wolves
  2 necrophages
  4 ogres
  4 boggarts (D:14)
  14 centaurs
  18 bullfrogs
  2 kobold brigands
  A wyvern zombie (D:7)
  A gnoll sergeant (D:10)
  7 scorpions
  3 deep troll simulacra (IceCv)
  3 cane toad simulacra (Lair:6)
  26 killer bees
  A lindwurm simulacrum (IceCv)
  2 electric eels
  4 howler monkeys
  5 centaur zombies
  4 hounds
  34 orc priests
  A bullfrog skeleton (D:7)
  4 iguanas
  2 hell rats (Lair:5)
  25 orc wizards
  A howler monkey zombie (D:8)
  5 adders
  6 gnolls
  2 worms (Lair:4)
  A dart slug (D:4)
  83 orcs
  8 endoplasms
  4 giant cockroaches
  5 hobgoblins
  7 jackals
  16 kobolds
  3 quokkas
  13 ball pythons
  2 bats
  3 frilled lizards
  9 goblins
  A goblin (shapeshifter) (Gauntlet)
  A goblin skeleton (D:3)
  A kobold skeleton (D:3)
  A kobold zombie (D:3)
  6 rats
  A bush (D:10)
1139 creatures vanquished.

Vanquished Creatures (collateral kills)
  2 tentacled monstrosities
  3 reapers (IceCv)
  An eleionoma (Swamp:3)
  A goliath frog (Swamp:1)
  A spriggan druid (Swamp:1)
  A wolf spider (Spider:1)
  A hellwing (Swamp:4)
  A dire elephant simulacrum (IceCv)
  3 swamp worms
14 creatures vanquished.

Vanquished Creatures (others)
  A rakshasa (D:13)
  A swamp dragon (Swamp:4)
  A wizard (D:15)
  2 bloated husks
  An orc priest (D:6)
  2 orcs (D:6)
  4 foxfires (Swamp:4)
  13 fungi
  33 plants
  19 withered plants (Lair:6)
77 creatures vanquished.

Grand Total: 1230 creatures vanquished

Notes
Turn   | Place    | Note
-------+----------+-------------------------------------------
     0 | D:1      | inmateoo the Minotaur Fighter began the quest for the Orb.
     0 | D:1      | Reached XP level 1. HP: 19/19 MP: 0/0
   112 | D:1      | Reached XP level 2. HP: 18/27 MP: 1/1
   419 | D:1      | Reached skill level 3 in Axes
   762 | D:2      | Reached XP level 3. HP: 33/33 MP: 2/2
   807 | D:2      | Identified the +2 pair of gloves of Moral Flaws {Rampage
                  | Will+ Regen+ Int+3}
  1384 | D:3      | Found a faded altar of an unknown god.
  1487 | D:3      | Reached skill level 1 in Dodging
  1490 | D:3      | Reached XP level 4. HP: 31/40 MP: 3/3
  1542 | D:3      | Prayed at the altar of an unknown god.
  1542 | D:3      | Became a worshipper of Qazlal Stormbringer
  1542 | D:3      | Reached * piety under Qazlal
  1668 | D:3      | Identified the +9 whip "Ikkuehyu" {freeze, Fly rElec Int+2}
  1855 | D:3      | Reached skill level 4 in Axes
  2041 | D:3      | Found a runed translucent door.
  2041 | D:3      | Noticed a human
  2044 | D:3      | Reached XP level 5. HP: 47/47 MP: 4/4
  2048 | D:3      | Found a basalt altar of Yredelemnul.
  2080 | D:3      | Killed a human
  2081 | D:3      | Reached skill level 1 in Invocations
  2081 | D:3      | Reached XP level 6. HP: 53/53 MP: 4/6
  2145 | D:4      | Reached skill level 5 in Axes
  2149 | D:4      | Reached ** piety under Qazlal
  2208 | D:4      | Reached XP level 7. HP: 60/60 MP: 7/7
  2212 | D:4      | Reached skill level 5 in Fighting
  2212 | D:4      | Reached skill level 5 in Armour
  2449 | D:4      | Reached skill level 5 in Shields
  2474 | D:4      | Reached skill level 6 in Axes
  2773 | D:5      | Entered Level 5 of the Dungeon
  2898 | D:5      | Reached XP level 8. HP: 67/69 MP: 9/9
  3353 | D:6      | Noticed a troll
  3393 | D:5      | Killed a troll
  3394 | D:5      | Reached skill level 7 in Axes
  3541 | D:6      | Reached skill level 5 in Invocations
  3593 | D:6      | Identified the +6 dagger of the Devouring Seer {flame,
                  | rElec rN+}
  3634 | D:6      | Found a hazy altar of Hepliaklqana.
  3635 | D:6      | Found a blossoming altar of Fedhas.
  3739 | D:6      | Reached XP level 9. HP: 75/75 MP: 11/11
  3752 | D:6      | Reached *** piety under Qazlal
  3880 | D:6      | Noticed Grinder
  3884 | D:6      | Killed Grinder
  3885 | D:6      | Reached skill level 8 in Axes
  4316 | D:7      | Found a staircase to the Ecumenical Temple.
  4434 | D:7      | Noticed a troll
  4439 | D:7      | Killed a troll
  4512 | D:7      | Reached skill level 5 in Dodging
  4596 | D:7      | Found a shimmering altar of Xom.
  4596 | D:7      | Found a shimmering altar of Xom.
  4834 | D:7      | Found a shimmering altar of Xom.
  5033 | D:8      | Noticed a two-headed ogre
  5039 | D:8      | Killed a two-headed ogre
  5040 | D:8      | Reached skill level 9 in Axes
  5152 | D:8      | Noticed Erica
  5163 | D:8      | Killed Erica
  5164 | D:8      | Reached XP level 10. HP: 68/86 MP: 12/14
  5665 | D:9      | Noticed a green ugly thing
  5673 | D:9      | Killed a green ugly thing
  5674 | D:9      | Reached skill level 10 in Axes
  6263 | D:9      | Reached **** piety under Qazlal
  6285 | D:9      | Reached XP level 11. HP: 65/94 MP: 16/16
  6448 | D:10     | Entered Level 10 of the Dungeon
  6640 | D:10     | Paralysed by a hornet for 2 turns
  6647 | D:10     | Reached skill level 11 in Axes
  6919 | D:10     | Noticed Erolcha
  6926 | D:10     | Killed Erolcha
  6959 | D:10     | Identified the +11 quarterstaff of Pestilence {holy, +Blink
                  | rC++ MP+9}
  7106 | D:10     | Found a portal to a secret trove of treasure.
  7379 | D:11     | Noticed a death yak
  7386 | D:11     | Noticed a death yak
  7388 | D:11     | Noticed a death yak
  7409 | D:10     | Killed a death yak
  7466 | D:10     | Killed a death yak
  7467 | D:10     | Reached skill level 12 in Axes
  7545 | D:10     | Killed a death yak
  7620 | D:11     | Found a staircase to the Lair.
  7642 | D:11     | Noticed a boulder beetle
  7644 | D:11     | Found a staircase to the Orcish Mines.
  7681 | D:10     | Killed a boulder beetle
  7722 | D:11     | Reached XP level 12. HP: 104/104 MP: 18/18
  8044 | D:11     | Reached ***** piety under Qazlal
  8095 | D:11     | Found an ornate altar of the Wu Jian Council.
  8418 | D:12     | Reached skill level 10 in Invocations
  8533 | D:12     | Noticed a two-headed ogre
  8535 | D:12     | Noticed a boulder beetle
  8554 | D:11     | Killed a two-headed ogre
  8573 | D:12     | Noticed a boulder beetle
  8596 | D:11     | Killed a boulder beetle
  8621 | D:12     | Noticed a two-headed ogre
  8663 | D:11     | Killed a two-headed ogre
  8664 | D:11     | Reached skill level 13 in Axes
  8940 | D:12     | Reached skill level 10 in Armour
  8995 | D:12     | Killed a boulder beetle
  9035 | D:12     | Identified the +5 plate armour of Raschyal {Str+2}
  9060 | D:12     | Reached skill level 10 in Shields
  9110 | D:12     | Noticed a four-headed hydra
  9117 | D:12     | Noticed a centaur warrior
  9120 | D:12     | Killed a four-headed hydra
  9121 | D:12     | Reached skill level 10 in Fighting
  9126 | D:12     | Killed a centaur warrior
  9467 | D:12     | Found Oraar's Antique Armour Boutique.
  9471 | D:12     | Bought a glowing cloak for 202 gold pieces
  9762 | D:13     | Noticed a death knight
  9777 | D:13     | Killed a death knight
  9795 | D:13     | Noticed Urug
  9819 | D:13     | Noticed a tengu warrior
  9824 | D:13     | Killed Urug
  9825 | D:13     | Reached XP level 13. HP: 88/113 MP: 20/20
  9912 | D:13     | Noticed an ironbound preserver
  9914 | D:13     | Found a gate to the Vaults.
  9914 | D:13     | You are sucked into a shaft and drop 2 floors!
  9914 | D:15     | Entered Level 15 of the Dungeon
  9916 | D:15     | Noticed Josephine
  9924 | D:15     | Killed Josephine
  9960 | D:15     | Reached skill level 14 in Axes
 10316 | D:15     | Noticed a dire elephant
 10329 | D:15     | Killed a dire elephant
 10339 | D:15     | Found a staircase to the Depths.
 10378 | D:15     | Found a gate leading to a gauntlet.
 10390 | Gauntlet | Entered a Gauntlet
 10390 | Gauntlet | Found a transporter.
 10402 | Gauntlet | Found a transporter.
 10405 | Gauntlet | Found a transporter.
 10406 | Gauntlet | Found a transporter.
 10414 | Gauntlet | Found a transporter.
 10417 | Gauntlet | Found a transporter.
 10418 | Gauntlet | Found a transporter.
 10420 | Gauntlet | Noticed an entropy weaver
 10428 | Gauntlet | Found a transporter.
 10430 | Gauntlet | Found a transporter.
 10431 | Gauntlet | Found a transporter.
 10439 | Gauntlet | Found a transporter.
 10440 | Gauntlet | Noticed a quicksilver ooze
 10442 | Gauntlet | Found a transporter.
 10443 | Gauntlet | Found a transporter.
 10451 | Gauntlet | Found a transporter.
 10636 | Gauntlet | Killed an entropy weaver
 10692 | Gauntlet | Identified the ring "Otunoc" {rPois rN+ EV+4 Int-5 Dex+4}
 10699 | Gauntlet | Killed a quicksilver ooze
 10791 | Gauntlet | Identified the -5 pair of boots of Ryxte {+Inv Fly}
 10793 | Gauntlet | Identified the +5 ring mail of Tuismoec {Regen+}
 10818 | Gauntlet | Identified the +1 ice dragon scales "Jaosu Atip" {rElec rF-
                  | rC++}
 10818 | Gauntlet | Noticed a minotaur
 10853 | Gauntlet | Killed a minotaur
 10864 | Gauntlet | Identified the ring of Wesyraiz {Int+4 Dex+6}
 10865 | Gauntlet | Got the Reference Book on Transmigration
 10870 | Gauntlet | Identified the +7 dagger "Sumutes" {elec, Str+4 Dex+4}
 11032 | D:15     | Identified the +5 dagger "Recag" {venom, rF++ Dex-5}
 11249 | D:15     | Identified the +3 chain mail of Spite {rC+ MP+9 Str+2}
 11373 | D:14     | Reached skill level 15 in Axes
 11617 | D:14     | Reached XP level 14. HP: 105/124 MP: 22/22
 11621 | D:14     | Reached ****** piety under Qazlal
 11703 | D:14     | Found a frozen archway.
 11790 | IceCv    | Entered an ice cave
 12038 | IceCv    | Noticed a reaper
 12056 | IceCv    | Killed a reaper
 12058 | IceCv    | Noticed a reaper
 12059 | IceCv    | Noticed a reaper
 12072 | IceCv    | Killed a reaper
 12075 | IceCv    | Killed a reaper
 12828 | D:13     | Reached skill level 10 in Dodging
 12911 | D:13     | Found a bloodstained altar of Trog.
 13018 | D:13     | Found Cukoenk's Distillery.
 13025 | D:13     | Bought a potion of haste for 150 gold pieces
 13025 | D:13     | Bought a potion of curing for 45 gold pieces
 13025 | D:13     | Bought a potion of invisibility for 120 gold pieces
 13025 | D:13     | Bought a potion of cancellation for 120 gold pieces
 13105 | D:13     | Killed an ironbound preserver
 13671 | Lair:1   | Entered Level 1 of the Lair of Beasts
 13716 | Lair:1   | Reached skill level 16 in Axes
 14740 | Lair:2   | Identified the ring "Sorot" {Str+2 Int+6 Dex+2}
 14832 | Lair:2   | Found a staircase to the Swamp.
 15393 | Lair:3   | Found an opulent altar of Gozag.
 15944 | Lair:4   | Reached XP level 15. HP: 122/132 MP: 24/24
 16121 | Lair:4   | Found a hole to the Spider Nest.
 16824 | Lair:5   | Found a staircase to the Slime Pits.
 16824 | Lair:5   | Found a viscous altar of Jiyva.
 17597 | Lair:6   | Entered Level 6 of the Lair of Beasts
 17719 | Lair:6   | Reached skill level 17 in Axes
 18431 | Lair:6   | Got Kikubaaqudgh's Disquisition on Darkness
 18739 | Lair:6   | Identified the ring of the Distant Future {+Blink rC+ Str+6
                  | Int+4}
 19185 | Orc:1    | Entered Level 1 of the Orcish Mines
 19678 | Orc:2    | Entered Level 2 of the Orcish Mines
 19796 | Orc:2    | Found a staircase to the Elven Halls.
 20038 | Orc:2    | Found Begufup's General Store.
 20038 | Orc:2    | Found Oxivi's Assorted Antiques.
 20108 | Orc:2    | Noticed Snorg
 20121 | Orc:2    | Killed Snorg
 20445 | Orc:2    | Found Tesuemum's Antique Armour Boutique.
 20445 | Orc:2    | Found Qiusei's Assorted Antiques.
 20460 | Orc:2    | Bought a scroll of enchant weapon for 307 gold pieces
 20657 | Swamp:1  | Entered Level 1 of the Swamp
 20672 | Swamp:1  | Reached XP level 16. HP: 126/141 MP: 25/25
 20900 | Swamp:1  | Reached skill level 18 in Axes
 21283 | Swamp:2  | Noticed Donald
 21310 | Swamp:2  | Killed Donald
 21465 | Swamp:2  | Reached skill level 15 in Invocations
 21736 | Swamp:3  | Noticed Mlioglotl
 21891 | Swamp:2  | Killed Mlioglotl
 22414 | Swamp:4  | Entered Level 4 of the Swamp
 22449 | Swamp:4  | Noticed a tentacled monstrosity
 22472 | Swamp:3  | Killed a tentacled monstrosity
 22582 | Swamp:4  | Noticed a tentacled monstrosity
 22594 | Swamp:4  | Killed a tentacled monstrosity
 22757 | Swamp:4  | Noticed a tentacled monstrosity
 22769 | Swamp:4  | Killed a tentacled monstrosity
 22770 | Swamp:4  | Gained mutation: You do not regenerate when monsters are
                  | visible. [a neqoxec]
 22779 | Swamp:4  | Lost mutation: You do not regenerate when monsters are
                  | visible. [potion of mutation]
 22779 | Swamp:4  | Gained mutation: You are clumsy. (Dex -2) [potion of
                  | mutation]
 22989 | Swamp:4  | Reached skill level 19 in Axes
 23043 | Swamp:4  | Reached XP level 17. HP: 151/151 MP: 27/27
 23335 | Swamp:4  | Got a decaying rune of Zot
 23602 | Spider:1 | Entered Level 1 of the Spider Nest
 24424 | Spider:1 | Identified a scroll of acquirement
 24581 | Spider:1 | Acquired a manual of Shields
 25859 | Spider:4 | Entered Level 4 of the Spider Nest
 25863 | Spider:4 | Noticed Mara
 25880 | Spider:4 | Noticed inmateoo's illusion
 26168 | Spider:3 | Reached skill level 20 in Axes
 26265 | Spider:3 | Reached skill level 15 in Shields
 26542 | Spider:4 | Noticed inmateoo's illusion
 26650 | Spider:4 | Noticed inmateoo's illusion
 26778 | Spider:3 | Noticed inmateoo's illusion
 26823 | Spider:3 | Killed Mara
 26824 | Spider:3 | Reached XP level 18. HP: 53/161 MP: 29/29
 28085 | Spider:4 | Identified the +0 hat "Cuskem" {rElec Will- Regen+ Slay+2}
 28109 | Spider:4 | Got a gossamer rune of Zot
 28402 | Vaults:1 | Entered Level 1 of the Vaults
 28536 | D:10     | You paid a toll of +4 ice dragon scales to enter a treasure
                  | trove
 28537 | Trove    | Entered a treasure trove
 28541 | Trove    | Identified the amulet "Eloynn" {-Tele rElec rN+ Regen+
                  | rCorr}
 28543 | Trove    | Identified the ring "Iwkio" {rF+ rC+ EV+4 Slay+3}
 28545 | Trove    | Identified the amulet of Haph {Reflect rPois SH+5}
 28549 | Trove    | Identified the ring of Kuguhobross {rPois rF++ Int-5}
 28558 | Trove    | Identified the ring "Apyikom" {rF+ rC++ Will+}
 28560 | Trove    | Identified the ring "Zeisose" {Wiz Str+3}
 28859 | Orc:2    | Bought the +8 orange crystal plate armour {Archmagi, Int+3
                  | Clar} for 1445 gold pieces
 28859 | Orc:2    | Found the +8 orange crystal plate armour {Archmagi, Int+3
                  | Clar}
 29051 | Vaults:1 | Reached skill level 15 in Fighting
 29069 | Vaults:1 | Reached skill level 15 in Armour
 29341 | Vaults:1 | Found Qixoudd's Book Emporium.
 29600 | Vaults:1 | Reached skill level 21 in Axes
 30793 | Vaults:2 | You fall into a shaft and drop 2 floors!
 30793 | Vaults:4 | Found a crumbling gateway.
 30813 | Desolati | Entered the Desolation of Salt
 30826 | Desolati | Reached XP level 19. HP: 160/170 MP: 30/30
 30834 | Desolati | Killed from afar by a ragged hierophant

Illustrated notes

Levels and vault maps discovered:
D:1:      dpeg_arrival_rooms_with_view, layout_loops_ring,
          minmay_misc_feat_secret_circle
D:2:      layout_basic, minmay_tetromino_t2
D:3:      layout_loops_ring, dk_yredelemnul_ordeal,
          shapermc_ecumenical_altar_pompeii, kennysheep_generic_room_11
D:4:      layout_loops_ring, minmay_between
D:5:      layout_basic
D:6:      layout_rooms, mainiacjoe_overflow_divided_tiny, uniq_grinder
D:7:      layout_gridville, xom_shifter_show, minmay_temple_entry_hall,
          grunt_decor_arrowhead
D:8:      layout_gridville, st_stairs_1, patterned_corridor, uniq_erica
D:9:      layout_loops_ring, special_room [special_room_bee]
D:10:     layout_roguey, enter_trove_3, kb_lookout_dungeons_type,
          grunt_ministairs_12, st_stairs_9, uniq_erolcha
D:11:     layout_basic, dpeg_lair_monsters, david_orc_2,
          nicolae_wu_jian_wuxing_cycle
D:12:     layout_loops_ring, serial_shops, shop, minmay_shattered_shrine
D:13:     layout_loops_ring, skrybe_vaults_entry_preservation, serial_shops,
          shop, trog_ov_bears_minmay, uniq_urug
D:14:     layout_loops_ring, nicolae_elevator_lobby_plus,
          portal_ice_cave_entry_pillars_1
D:15:     hangedman_depths_entry_try_elsewhere_first, layout_loops_ring,
          gauntlet_entry_generic, minmay_misc_feat_plants, uniq_josephine
Lair:1:   layout_roguey
Lair:2:   layout_cave_pods, swamp_mist
Lair:3:   layout_big_grid, lemuel_centaur_altar
Lair:4:   layout_gridlike, nicolae_spider_entry_non_spiders, grunt_megastairs_3,
          serial_bayou_shore_b
Lair:5:   layout_cellular_growth, slime_altar_1, special_room
          [special_room_mythical_zoo], grunt_megastairs_4, serial_bayou_shore_a
Lair:6:   due_jungle_book, layout_regular_city
Swamp:1:  layout_falls_marsh, nicolae_swamp_feature_on_the_river_bank
Swamp:2:  layout_basic_swamp, nicolae_swamp_tree_designs, uniq_donald
Swamp:3:  layout_falls_marsh, serial_swamp_ruin, evilmike_swamp_ruin_house_6,
          hangedman_swamp_ruin_wall, uniq_mlioglotl
Swamp:4:  nzn_swamp_witches_coven, layout_basic_swamp, swamp_pool5,
          infiniplex_staircase_pool_2
Spider:1: layout_spider_delve
Spider:2: layout_spider_delve, nicolae_spider_webs_and_nodes,
          nicolae_spider_moth_buddies
Spider:3: layout_spider_delve
Spider:4: spider_rune_water, spiders_nest_ghost_moth_duel, uniq_mara
Orc:1:    layout_caves
Orc:2:    st_orc_town, layout_caves, basic_altar, nooodl_orcs_dogs, uniq_snorg
Vaults:1: v_rooms_3, special_room_vaults [special_room_orc], v_misc_9,
          vaults_room_boxed, v_misc_3, v_misc_1, hangedman_vaults_corner,
          vaults_room_semicircle, v_misc_25, layout_vaults_big_room,
          serial_shops, nicolae_shop_behind_doors
Vaults:2: v_misc_5, nicolae_vaults_circle_grid_b, grunt_vaults_diagonal,
          ontoclasm_vaults_chip, nicolae_vaults_little_squares_3,
          vaults_dpeg_ring, ontoclasm_vaults_chip,
          nicolae_vaults_sealed_display, layout_vaults_quadrants, serial_shops,
          nicolae_square_shop
Vaults:4: portal_desolation_entry_salt, st_greater_box_4, v_misc_32,
          nicolae_vaults_big_angled_halls, hangedman_vaults_stretched_pinwheel,
          v_misc_5, vaults_dpeg_doors, vaults_room_corners, v_misc_15,
          nicolae_vaults_yaktaur_gun_rack, layout_vaults_omnicross,
          serial_shops, shop, shop, uniq_margery, uniq_sojobo
Desolation

Skill      XL: |  1  2  3  4  5  6  7  8  9 10 11 12 13 14 15 16 17 18 |
---------------+-------------------------------------------------------+-----
Axes           | 3 4 5 6 7 9 10 12 13 15 16 17 19 20 21 | 21.2
Armour         | 4 5 6 7 8 9 10 11 12 13 14 15 | 15.4
Fighting       | 4 5 6 7 8 9 10 11 12 13 14 15 | 15.5
Dodging        | 1 2 3 4 5 6 7 8 9 10 11 12 13 | 13.9
Shields        | 4 5 6 7 8 9 10 11 12 13 15 16 | 16.6
Invocations    | 1 2 3 5 6 8 9 11 12 13 14 15 16 17 | 17.8

Action                   |  1- 3 |  4- 6 |  7- 9 | 10-12 | 13-15 | 16-18 | 19-21 || total
-------------------------+-------+-------+-------+-------+-------+-------+-------++-------
Melee: War axe           |    66 |    12 |       |       |       |    15 |     7 ||   100
       Headbutt          |    11 |     8 |    39 |   184 |   493 |   451 |     2 ||  1188
       Whip              |       |    52 |   199 |   675 |  1730 |  1240 |       ||  3896
       Broad axe         |       |       |       |       |       |   339 |       ||   339
Invok: Elemental Force   |       |       |       |       |     2 |     9 |       ||    11
       Disaster Area     |       |       |       |       |       |     2 |       ||     2
Evoke: Wand              |       |       |       |       |     4 |       |       ||     4
       Condenser vane    |       |       |       |       |       |     3 |       ||     3
       Phantom mirror    |       |       |       |       |       |     1 |       ||     1
  Use: Scroll            |     2 |       |     6 |    14 |     8 |     8 |       ||    38
       Potion            |       |       |       |       |     1 |     1 |     2 ||     4
 Stab: Paralysed         |       |       |       |       |       |     4 |       ||     4
       Distracted        |       |       |       |       |       |     3 |       ||     3
Armor: Scale mail        |    28 |    24 |    49 |       |       |       |       ||   101
       Chain mail        |       |       |    18 |   192 |   211 |   395 |       ||   816
       Plate armour      |       |       |       |    13 |   100 |       |       ||   113
       Crystal plate arm |       |       |       |       |       |   123 |    19 ||   142
Dodge: Dodged            |    33 |    23 |    66 |   191 |   357 |   671 |    13 ||  1354
       Repelled          |       |       |       |     2 |     4 |     5 |       ||    11
Block: Buckler           |    14 |    16 |    80 |   386 |    26 |       |       ||   522
       Reflection        |       |       |       |    10 |    44 |    43 |       ||    97
       Kite shield       |       |       |       |       |  1615 |  1540 |       ||  3155
       Tower shield      |       |       |       |       |       |   435 |    31 ||   466
